 Dungeon Crawl Stone Soup version 0.28-a0-1117-g0bdd5ba030 (webtiles) character file.

Game seed: 10104936056042766082

1940 siradein the Skirmisher (level 8, -9/68 HPs)
             Began as a Palentonga Fighter on Dec 11, 2021.
             Was an Initiate of Yredelemnul.
             Killed from afar by Maggie (22 damage)
             ... with a bolt of fire
             ... on level 6 of the Dungeon.
             The game lasted 00:15:04 (6636 turns).

siradein the Skirmisher (Palentonga Fighter)        Turns: 6636, Time: 00:15:05

Health: -9/68      AC: 18    Str: 26    XL:     8   Next: 98%
Magic:  10/10      EV:  5    Int:  9    God:    Yredelemnul [......]
Gold:   225        SH: 11    Dex: 17    Spells: 7/7 levels left

rFire   . . .      SeeInvis +   a - +0 long sword
rCold   . . .      Faith    .   c - +0 buckler
rNeg    . . .      Spirit   .   u - +0 plate armour
rPois   .          Reflect  +   (no helmet)
rElec   .          Harm     .   j - +0 cloak
rCorr   .          Rampage  .   (no gloves)
Will    .....                   (no barding)
Stlth   ..........              o - amulet of reflection
HPRegen 0.21/turn               h - +6 ring of dexterity
MPRegen 0.12/turn               l - +6 ring of strength

@: brilliant, mesmerised, curled up
A: large, rugged brown scales 3, see invisible, deformed body, roll 1, armoured
tail, reflexive curl
a: Rolling Charge, Renounce Religion, Recall Undead Harvest


You were on level 6 of the Dungeon.
You worshipped Yredelemnul.
Yredelemnul was noncommittal.
You visited 2 branches of the dungeon, and saw 7 of its levels.

You collected 225 gold pieces.

Inventory:

Hand Weapons
 a - a +0 long sword (weapon)
 v - a +2 short sword of protection
Armour
 c - a +0 buckler (worn)
 j - a +0 cloak (worn)
 u - a +0 plate armour (worn)
Jewellery
 h - a +6 ring of dexterity (left hand)
 l - a +6 ring of strength (right hand)
 o - an amulet of reflection (around neck)
 x - a +4 ring of slaying
 y - a +4 ring of protection
Wands
 m - a wand of iceblast (4)
 q - a wand of acid (8)
Scrolls
 e - 4 scrolls of enchant weapon {unknown}
 f - 3 scrolls of identify {unknown}
 g - 3 scrolls of immolation {unknown}
 i - 2 scrolls of noise {unknown}
 p - 2 scrolls of blinking {unknown}
 r - a scroll of vulnerability {unknown}
 s - a scroll of fear {unknown}
Potions
 b - a potion of flight {unknown}
 d - a potion of might
 k - 2 potions of mutation {unknown}
 n - a potion of degeneration {unknown}
 t - a potion of attraction {unknown}
 w - 2 potions of brilliance
 z - 2 potions of berserk rage {unknown}
 A - a potion of curing


   Skills:
 + Level 6.1 Fighting
 + Level 5.7 Long Blades
 + Level 5.1 Armour
 + Level 5.1 Shields
 + Level 3.0 Invocations
 + Level 2.5 Evocations


You had 7 spell levels left.
You didn't know any spells.
Your spell library contained the following spells:

 Spells                   Type           Power      Damage    Failure   Level
 Animate Skeleton         Necr           0%         N/A       99%         1
 Pain                     Necr           0%         1d4       99%         1
 Shock                    Conj/Air       0%         1d3       99%         1
 Slow                     Hex            0%         N/A       99%         1
 Summon Small Mammal      Summ           0%         N/A       99%         1
 Call Canine Familiar     Summ           0%         N/A       100%        3
 Confusing Touch          Hex            0%         N/A       100%        3
 Ozocubu's Armour         Ice            0%         N/A       100%        3
 Summon Guardian Golem    Hex/Summ       0%         N/A       100%        3
 Swiftness                Air            0%         N/A       100%        3
 Vampiric Draining        Necr           0%         2d6       100%        3
 Airstrike                Air            0%         N/A       100%        4
 Dispel Undead            Necr           0%         3d6       100%        4
 Summon Lightning Spire   Summ/Air       0%         N/A       100%        4
 Excruciating Wounds      Necr           0%         N/A       100%        5
 Lightning Bolt           Conj/Air       0%         1d11      100%        5
 Yara's Violent Unravell  Hex/Tmut       0%         3d3       100%        5
 Ozocubu's Refrigeration  Ice            0%         4d5       100%        7
 Ignition                 Fire           0%         3d3       100%        8


Dungeon Overview and Level Annotations

Branches:
Dungeon (6/15)             Temple (1/1) D:5

Altars:
Ashenzari
Cheibriados
Elyvilon
Fedhas
Gozag
Hepliaklqana
Makhleb
Nemelex Xobeh
Okawaru
Qazlal
Ru
Sif Muna
Uskayaw
Vehumet
Wu Jian
Xom
Yredelemnul
Zin
The Shining One

Shops:
D:1 [

Annotations:
D:5 1 runed translucent door, Crazy Yiuf
D:6 2 transporters, Maggie


Innate Abilities, Weirdness & Mutations

You are completely covered in rugged brown scales. (AC +3, +7% HP)
You have supernaturally acute eyesight. (SInv)
Armour fits poorly on your strangely shaped body.
You can roll at nearby foes to attack.
You have a long armoured tail.
You curl defensively after being hit. (AC +7*)


Message History

Maggie casts a spell.
Maggie attempts to bespell you! You resist with almost no effort.
You closely miss Maggie.
Maggie is moderately wounded.
Maggie mumbles some strange words.
Maggie attempts to bespell you!
You are mesmerised by Maggie!
Maggie hits you with a +0 broad axe.
You hit Maggie.
Maggie is moderately wounded.
Maggie hits you but does no damage.
You closely miss Maggie. You tail-slap Maggie, but do no damage.
Maggie is moderately wounded.
Maggie barely misses you.
You closely miss Maggie. You tail-slap Maggie!
Maggie is heavily wounded.
You block Maggie's attack.
You barely miss Maggie.
Your tail-slap misses Maggie.
Maggie is heavily wounded.
Maggie barely misses you.
You hit Maggie. You tail-slap Maggie.
Maggie is heavily wounded.
Maggie hits you with a +0 broad axe.
You hit Maggie but do no damage.
Maggie is heavily wounded.
You block Maggie's attack.
You hit Maggie. You tail-slap Maggie!
Maggie is severely wounded.
A hornet zombie comes into view.
Maggie zaps a wand.
The bolt of acid hits you!!!
Ouch! That really hurt!
* * * LOW HITPOINT WARNING * * *
You are too injured to fight recklessly!
You are too injured to fight recklessly!
It was a potion of brilliance.
You feel clever all of a sudden.
Maggie points at you and mumbles some strange words.
The bolt of fire hits you!!
You die...
Your body rises from the dead as a mindless zombie.

### #.. #.# #@#
###@##.#
#######......#
########.........Z>##
...........###.#.#.#
########.#.# #.#.#.#
# #.#.# #.#.... #
#.#.# #.#.. .# #
#.#.# #.... .. #
#.#.# #..


You could see Maggie (mesmerising) and a hornet zombie.

Vanquished Creatures
  Pikel (D:5)
  Sigmund (D:6)
  Edmund (D:3)
  A water moccasin (D:4)
  Duvessa (D:4)
  A black bear (D:5)
  2 necrophages
  A kobold brigand (D:6)
  A bullfrog (D:6)
  A scorpion (D:5)
  Dowan (D:4)
  A howler monkey (D:6)
  2 jellies (D:5)
  A hound (D:5)
  An orc priest (D:3)
  3 iguanas
  A centaur skeleton (D:6)
  Terence (D:2)
  A hound skeleton (D:5)
  6 adders
  A gnoll (D:6)
  An ufetubus (D:5)
  2 worms (D:2)
  5 dart slugs
  9 orcs
  2 endoplasms (D:2)
  3 giant cockroaches
  6 goblins
  5 hobgoblins
  6 jackals
  A quokka (D:2)
  4 ball pythons
  4 bats
  9 frilled lizards
  4 kobolds
  3 rats
94 creatures vanquished.

Vanquished Creatures (collateral kills)
  A gnoll (D:6)
1 creature vanquished.

Vanquished Creatures (others)
  2 necrophage zombies
  5 fungi
  2 plants (D:1)
  2 withered plants (D:1)
11 creatures vanquished.

Grand Total: 106 creatures vanquished

Notes
Turn   | Place    | Note
-------+----------+-------------------------------------------
     0 | D:1      | siradein the Palentonga Fighter began the quest for the
                  | Orb.
     0 | D:1      | Reached XP level 1. HP: 19/19 MP: 1/1
   104 | D:1      | Found a faded altar of an unknown god.
   109 | D:1      | Reached XP level 2. HP: 25/25 MP: 2/2
   597 | D:1      | Found Itwaus's Antique Armour Emporium.
   750 | D:2      | Noticed Terence
   847 | D:2      | Reached XP level 3. HP: 31/31 MP: 3/3
   867 | D:2      | Killed Terence
   910 | D:2      | Reached XP level 4. HP: 37/37 MP: 4/4
   984 | D:2      | Got Ukiucun's Volume of the Scorpion
  1725 | D:3      | Found a snail-covered altar of Cheibriados.
  1898 | D:3      | Reached XP level 5. HP: 44/44 MP: 5/5
  2106 | D:3      | Found a shimmering blue altar of Sif Muna.
  2367 | D:4      | Reached skill level 4 in Fighting
  2574 | D:4      | Noticed Edmund
  3490 | D:4      | Noticed Duvessa
  3496 | D:4      | Noticed Dowan
  3504 | D:4      | Killed Duvessa
  3505 | D:4      | Reached XP level 6. HP: 6/52 MP: 6/6
  3506 | D:4      | Killed Dowan
  4259 | D:5      | Entered Level 5 of the Dungeon
  4259 | D:5      | Found a staircase to the Ecumenical Temple.
  4278 | Temple   | Entered the Ecumenical Temple
  4591 | D:5      | Noticed a water moccasin
  4631 | D:4      | Killed a water moccasin
  4632 | D:4      | Gained mutation: You curl defensively after being hit. (AC
                  | +7*) [Palentonga growth]
  4632 | D:4      | Reached XP level 7. HP: 54/58 MP: 7/7
  4797 | D:3      | Killed Edmund
  4798 | D:3      | Reached skill level 5 in Fighting
  5006 | D:5      | Found a hide-covered altar of Uskayaw.
  5400 | D:5      | Found a sparkling altar of Nemelex Xobeh.
  5403 | D:5      | Found a stormy altar of Qazlal.
  5407 | D:5      | Found a basalt altar of Yredelemnul.
  5408 | D:5      | Found a broken altar of Ashenzari.
  5408 | D:5      | Found a shimmering altar of Xom.
  5411 | D:5      | Became a worshipper of Yredelemnul the Dark
  5687 | D:5      | Found a runed translucent door.
  5688 | D:5      | Noticed Crazy Yiuf
  5748 | D:6      | Found a transporter.
  5757 | D:6      | Noticed Sigmund
  5764 | D:6      | Killed Sigmund
  5765 | D:6      | Reached skill level 5 in Long Blades
  5765 | D:6      | Reached skill level 1 in Invocations
  5765 | D:6      | Reached XP level 8. HP: 67/67 MP: 8/8
  5793 | D:6      | Found a transporter.
  5890 | D:6      | Reached skill level 1 in Evocations
  6008 | D:6      | Noticed Pikel
  6381 | D:5      | Killed Pikel
  6382 | D:5      | Reached skill level 6 in Fighting
  6382 | D:5      | Reached skill level 5 in Armour
  6382 | D:5      | Reached skill level 5 in Shields
  6626 | D:6      | Noticed Maggie
  6636 | D:6      | Killed from afar by Maggie

Illustrated notes

Levels and vault maps discovered:
D:1:      dpeg_arrival_prison, layout_basic, shapermc_ecumenical_altar_gd,
          serial_shops, nicolae_shop_behind_doors, minmay_lizard_pond
D:2:      layout_rooms, uniq_terence
D:3:      layout_loops_ring, led_sif_pool, general_overflow_altar,
          minmay_misc_feat_x
D:4:      layout_layer_cave, uniq_duvessa, uniq_edmund
D:5:      layout_loops_ring, lemuel_tele_altar, minitemple, temple_pool_b,
          uniq_crazy_yiuf_cottage
D:6:      gammafunk_steamed_eel, layout_loops_ring, uniq_sigmund, uniq_pikel,
          uniq_maggie
Temple:   minmay_temple_curvy_loop

Skill      XL: |  1  2  3  4  5  6  7  8 |
---------------+-------------------------+-----
Shields        | 3 4 5 |  5.1
Armour         | 3 4 5 |  5.1
Long Blades    | 3 4 5 |  5.7
Fighting       | 4 5 6 |  6.1
Invocations    | 1 3 |  3.0
Evocations     | 2 |  2.5

Action                   |  1- 3 |  4- 6 |  7- 9 || total
-------------------------+-------+-------+-------++-------
Melee: Long sword        |    63 |   119 |    92 ||   274
       Tailslap          |     5 |    29 |    25 ||    59
       Short sword       |       |    23 |    17 ||    40
 Abil: Rolling Charge    |    14 |    33 |    16 ||    63
Evoke: Wand              |       |     1 |       ||     1
  Use: Potion            |       |       |     1 ||     1
Armor: Scale mail        |    32 |       |       ||    32
       Skin              |     1 |       |       ||     1
       Chain mail        |       |    36 |       ||    36
       Plate armour      |       |    17 |    52 ||    69
Dodge: Dodged            |     9 |    25 |    22 ||    56
Block: Buckler           |     8 |    67 |    58 ||   133
       Reflection        |       |     2 |       ||     2

Table legend: (Time is in decaauts)
 A = Elapsed time spent in this place.
 B = Non-inter-level travel time spent in this place.
 C = Inter-level travel time spent in this place.
 D = Time resting spent in this place.
 E = Time spent auto-exploring this place.
 F = Levels seen in this place.
 G = Mean time per level.
                   A        B        C        D        E       F      G
               +--------+--------+--------+--------+--------+-----+--------+
         Total |   6704 |   6527 |    177 |    478 |   4512 |   7 |  957.7 |
       Dungeon |   6441 |   6264 |    177 |    478 |   4316 |   6 | 1073.5 |
        Temple |    262 |    262 |      0 |      0 |    196 |   1 |  262.0 |
               +--------+--------+--------+--------+--------+-----+--------+

Top non-repeatable levels by time:
     D:4: 2158 daAuts
     D:5: 1365 daAuts
     D:3: 1026 daAuts
     D:1: 802 daAuts
     D:2: 714 daAuts
     D:6: 374 daAuts
  Temple: 262 daAuts
